 Dungeon Crawl Stone Soup version 0.19.0-20-gbc5f0c6 (webtiles) character file.

362 Jannitor the Cudgeler (level 6, -1/59 HPs)
             Began as an Ogre Warper on Nov 17, 2016.
             Was an Initiate of the Shining One.
             Slain by a centaur (5 damage)
             ... on level 5 of the Dungeon.
             The game lasted 00:11:41 (5406 turns).

Jannitor the Cudgeler (Ogre Warper)                 Turns: 5406, Time: 00:11:41

Health: -1/59      AC:  3    Str: 17    XL:     6   Next: 66%
Magic:  9/12       EV: 10    Int: 19    God:    the Shining One [......]
Gold:   376        SH:  0    Dex:  9    Spells: 3 memorised, 6 levels left

rFire  . . .     SeeInvis +     i - +3 flail (holy)
rCold  + . .     Gourm    .     b - +0 robe
rNeg   . . .     Faith    .     (no shield)
rPois  .         Spirit   .     (helmet restricted)
rElec  .         Reflect  .     (no cloak)
rCorr  .         Harm     .     (gloves unavailable)
MR     +....                    (boots unavailable)
Stlth  +.........               y - amulet of inaccuracy (curse)
                                (no ring)
                                (no ring)

@: brilliant, glowing
A: unfitting armour, see invisible, cold resistance 1, magic resistance 1, tough
skin 1
a: Renounce Religion


You were on level 5 of the Dungeon.
You worshipped the Shining One.
The Shining One was noncommittal.
You were not hungry.

You visited 2 branches of the dungeon, and saw 6 of its levels.

You collected 376 gold pieces.

Inventory:

Hand Weapons
 a - a +0 mace
 i - a +3 flail of holy wrath (weapon)
Missiles
 e - 5 tomahawks of dispersal
 h - 210 stones (quivered)
Armour
 b - a +0 robe (worn)
Jewellery
 y - a cursed amulet of inaccuracy (around neck)
Wands
 d - a wand of flame (19/48)
 k - a wand of acid (15/15)
 p - a wand of slowing (24/48)
Scrolls
 j - 4 scrolls of identify
 m - a scroll of noise
 n - 2 scrolls of recharging
 o - 2 scrolls of enchant weapon
 q - a scroll of amnesia
 x - a scroll of blinking
Potions
 u - a potion of cancellation
Books
 c - a book of Spatial Translocations

   Spells                             Type                      Level
   a - Blink                          Translocation                2
   b - Shroud of Golubria             Charms/Translocation         2
   c - Lesser Beckoning               Translocation                3
   d - Portal Projectile              Translocation                3
   e - Teleport Other                 Translocation                3
   f - Passage of Golubria            Translocation                4
Comestibles
 f - 2 bread rations
 g - a slice of pizza
 l - 2 meat rations
 s - a beef jerky
 t - 4 fruits


   Skills:
 - Level 2.6 Fighting
 * Level 5.4 Maces & Flails
 * Level 3.8 Throwing
 - Level 2.1 Dodging
 * Level 4.4 Spellcasting
 + Level 2.5 Translocations


You had 6 spell levels left.
You knew the following spells:

 Your Spells              Type           Power        Failure   Level  Hunger
a - Blink                 Tloc           N/A          1%          2    #......
b - Shroud of Golubria    Chrm/Tloc      ###.......   1%          2    #......
c - Portal Projectile     Tloc           ####..       1%          3    ###....


Dungeon Overview and Level Annotations

Branches:
Dungeon (5/15)             Temple (1/1) D:5

Altars:
Dithmenos
Elyvilon
Fedhas
Hepliaklqana
Kikubaaqudgha
Nemelex Xobeh
Okawaru
Qazlal
Ru
Sif Muna
Trog
Vehumet
Zin
The Shining One

Annotations:
D:2 Terence


Innate Abilities, Weirdness & Mutations

You are too large for most types of armour.
You have tough skin. (AC +1)
You have supernaturally acute eyesight. (SInv)
Your flesh is cold resistant. (rC+)
You are resistant to hostile enchantments. (MR+)


Message History

The quokka barely misses you. The centaur barely misses you.
You hit the centaur but do no damage.
The centaur is lightly wounded.
The quokka bites you but does no damage.
The centaur hits you.
You hit the centaur.
The centaur is moderately wounded.
The centaur hits you! The quokka closely misses you.
The centaur closely misses you. The quokka barely misses you.
You closely miss the centaur.
The centaur is moderately wounded.
The centaur hits you!
* * * LOW HITPOINT WARNING * * *
The quokka closely misses you. The centaur hits you!
* * * LOW HITPOINT WARNING * * *
Unknown command.
It was a potion of brilliance.
You feel clever all of a sudden. The quokka barely misses you.
The centaur hits you.
You die...

#.. #
#.............#####..
#..
#.............#...#..
#.(.(.........#...#..
#.....).......#...#..
#.............'...#..
##.............#).##..
#...(.##########..####
#.....# #............
#....@# #.......)....
#...rc# ##'##########
#...... #...##..####
#....... #..........#
######... #..........#
....#..........#
....#..........#
....############


You could see a centaur and a quokka.

Vanquished Creatures
  A sky beast (D:5)
  A scorpion (D:5)
  A centaur skeleton (D:5)
  An iguana (D:5)
  2 worker ants
  A hound skeleton (D:4)
  3 adders
  2 oozes
  An adder skeleton (D:4)
  4 dart slugs
  A leopard gecko (D:1)
  2 orcs
  3 ball pythons
  7 bats
  3 giant cockroaches
  7 hobgoblins
  4 jackals
  5 frilled lizards
  7 goblins
  7 kobolds
  A leopard gecko zombie (D:4)
  10 rats
74 creatures vanquished.

Notes
Turn   | Place    | Note
-------+----------+-------------------------------------------
     0 | D:1      | Jannitor the Ogre Warper began the quest for the Orb.
     0 | D:1      | Reached XP level 1. HP: 22/22 MP: 3/3
   197 | D:1      | Reached XP level 2. HP: 26/29 MP: 5/5
   313 | D:1      | Reached skill level 3 in Maces & Flails
   693 | D:1      | Reached XP level 3. HP: 29/36 MP: 7/7
  1073 | D:2      | Noticed Terence
  1397 | D:2      | Reached XP level 4. HP: 42/44 MP: 8/8
  1451 | D:2      | Found a stormy altar of Qazlal.
  1820 | D:2      | Gained mutation: Your flesh is cold resistant. (rC+) [potion of mutation]
  1820 | D:2      | Gained mutation: You have supernaturally acute eyesight. (SInv) [potion of mutation]
  1820 | D:2      | Gained mutation: You are resistant to hostile enchantments. (MR+) [potion of mutation]
  1849 | D:1      | Learned a level 2 spell: Blink
  1852 | D:1      | Learned a level 2 spell: Shroud of Golubria
  1856 | D:1      | Learned a level 3 spell: Portal Projectile
  2692 | D:3      | Reached skill level 4 in Maces & Flails
  3020 | D:4      | Reached XP level 5. HP: 21/50 MP: 8/10
  3365 | D:4      | Found a deep blue altar of Sif Muna.
  3543 | D:5      | Entered Level 5 of the Dungeon
  3563 | D:5      | Found a radiant altar of Vehumet.
  3631 | D:5      | Noticed a centaur
  3632 | D:5      | Noticed an ice beast
  4120 | D:5      | Reached XP level 6. HP: 28/59 MP: 10/12
  4561 | D:5      | Found a staircase to the Ecumenical Temple.
  4570 | Temple   | Entered the Ecumenical Temple
  4625 | Temple   | Became a worshipper of the Shining One
  4781 | D:5      | Noticed a sky beast
  4797 | D:5      | Killed a sky beast
  4797 | D:5      | Reached skill level 5 in Maces & Flails
  5406 | D:5      | Slain by a centaur

Skill      XL: |  1  2  3  4  5  6 |
---------------+-------------------+-----
Maces & Flails | 3 4 5 |  5.4
Throwing       | 2 3 |  3.8
Spellcasting   | 3 4 |  4.4
Fighting       | |  2.6
Dodging        | |  2.1
Translocations | |  2.5

Action                   |  1- 3 |  4- 6 || total
-------------------------+-------+-------++-------
Melee: Mace              |   108 |    60 ||   168
       Whip              |       |    49 ||    49
       Flail             |       |    72 ||    72
Throw: Stone             |    63 |    27 ||    90
 Cast: Shroud of Golubri |       |     6 ||     6
       Blink             |       |     2 ||     2
  Use: Potion            |       |     6 ||     6
       Scroll            |       |    10 ||    10
  Eat: Chunk             |     2 |     7 ||     9
       Pizza             |       |     1 ||     1
       Bread ration      |       |     1 ||     1
Armor: Robe              |    37 |    39 ||    76
Dodge: Dodged            |    61 |   110 ||   171
